 Dungeon Crawl Stone Soup version 0.26-a0-651-gb41185065b (webtiles) character file.

Game seed: 521203507648282279

135 gbos the Sneak (level 4, -4/21 HPs)
             Began as a Spriggan Enchanter on Oct 28, 2020.
             Slain by an orc
             ... wielding a +0 flail
              (8 damage)
             ... on level 3 of the Dungeon.
             The game lasted 00:03:31 (2732 turns).

gbos the Sneak (Spriggan Enchanter)                 Turns: 2732, Time: 00:03:31

Health: -4/21      AC:  2    Str:  4    XL:     4   Next: 96%
Magic:  7/9        EV: 18    Int: 23    God:
Gold:   75         SH:  0    Dex: 16    Spells: 2/8 levels left

rFire    . . .     SeeInvis +   a - +1 dagger
rCold    + . .     Faith    .   (shield restricted)
rNeg     . . .     Spirit   .   b - +0 robe
rPois    .         Reflect  .   (helmet restricted)
rElec    .         Harm     .   i - scarf {+Inv}
rCorr    .         Rampage  .   (gloves unavailable)
MR       .....                  (boots unavailable)
Stlth    ++++......             q - amulet of magic regeneration
HPRegen  0.07/turn              c - ring of protection from cold
MPRegen  0.36/turn              p - +6 ring of intelligence

@: very quick
A: very small, unfitting armour, see invisible, speed 3
a: Evoke Invisibility


You were on level 3 of the Dungeon.
You visited 1 branch of the dungeon, and saw 3 of its levels.

You collected 75 gold pieces.


Innate Abilities, Weirdness & Mutations

You are very small and have problems with some larger weapons.
You are too small for most types of armour.
You have supernaturally acute eyesight. (SInv)
You cover ground extremely quickly.


   Skills:
 + Level 3.1 Short Blades
 - Level 3.0 Dodging
 * Level 7.6 Stealth
 - Level 2.6 Spellcasting
 - Level 3.6 Hexes


You had 2 spell levels left.
You knew the following spells:

 Your Spells              Type           Power        Failure   Level
z - Ensorcelled Hibernat  Hex/Ice        ##....       9%          2
X - Confusing Touch       Hex            ###.....     9%          3
Z - Corona                Hex            ###....      2%          1

Your spell library contained the following spells:

 Spells                   Type           Power        Failure   Level
 Tukima's Dance           Hex            ###.....     9%          3
 Dazzling Flash           Conj/Hex       ##....       17%         3

Inventory:

Hand Weapons
 a - a +1 dagger (weapon)
Armour
 b - a +0 robe (worn)
 i - a scarf of invisibility (worn)
Jewellery
 c - a ring of protection from cold (left hand)
 p - a +6 ring of intelligence (right hand)
 q - an amulet of magic regeneration (around neck)
Scrolls
 e - 2 scrolls of immolation {unknown}
 f - 3 scrolls of remove curse {unknown}
 g - 2 scrolls of identify {unknown}
 l - a scroll of noise {unknown}
Potions
 d - a potion of resistance {unknown}
 h - a potion of haste {unknown}
 j - 2 potions of curing {unknown}
 k - a potion of might {unknown}
 m - 2 potions of flight {unknown}
 n - 2 potions of degeneration {unknown}
 o - a potion of heal wounds {unknown}
 r - a potion of magic {unknown}

Dungeon Overview and Level Annotations

Branches:
Dungeon (3/15)

Altars:
Elyvilon
Sif Muna

.......▒+▒▒▒▒........▒.▒.......
............'.......<..........
..........▒▒▒.................
..........▒.'................
...▒..▒▒▒▒▒.▒............▒▒▒▒
▒▒▒▒..▒......▒▒..........▒
......▒......▒▒...▒......▒
......▒......▒▒o........[▒
.............▒)oi▒.....▒.▒
.....>.........o.........+
..o.........▒▒...▒÷⌠.⌠.▒.▒
.....▒▒▒....▒▒...........▒
............▒▒...▒(....▒....▒
.........†..▒▒▒▒...._.......▒
............'....▒.....▒....▒
............▒▒▒.............▒
....▒▒▒▒....▒▒▒..▒.⌠.⌠.▒....▒


You could see 3 orcs.


Message History

The orc hits you but does no damage.
You hit the orc.
You kill the orc!
The orc barely misses you. The orc closely misses you.
Things that are here:
a +0 mace; 6 gold pieces You hit the orc but do no damage.
The orc completely misses you.
You hit the orc.
The orc is lightly wounded.
The orc completely misses you. The orc misses you.
You hit the orc but do no damage.
The orc is lightly wounded.
The orc closely misses you. The orc misses you.
You hit the orc but do no damage.
The orc is lightly wounded.
The orc closely misses you.
You hit the orc but do no damage.
The orc is lightly wounded.
The orc hits you with a +0 flail!
The orc hits you with a +2 war axe of electrocution!
* * * LOW HITPOINT WARNING * * *
The orc misses you.
You hit the orc but do no damage.
The orc is lightly wounded.
The orc hits you with a +0 flail!
You die...

Action                   |  1- 3 |  4- 6 || total
-------------------------+-------+-------++-------
Melee: Dagger            |   122 |    75 ||   197
 Cast: Ensorcelled Hiber |       |     3 ||     3
       Confusing Touch   |       |     2 ||     2
 Stab: Sleeping          |    14 |    10 ||    24
       Confused          |       |     1 ||     1
Armor: Robe              |    13 |     5 ||    18
Dodge: Dodged            |    92 |    56 ||   148

Levels and vault maps discovered:
D:1:      grunt_arrival_crossed_arrows, layout_loops_ring, serial_forest,
          infiniplex_forest_clump_diagonal, infiniplex_forest_zigzag_1,
          infiniplex_forest_straight_3, infiniplex_forest_straight_4,
          infiniplex_forest_straight_4, infiniplex_forest_clump_C
D:2:      layout_basic, serial_rivers, chequers_serial_rivers_small_b,
          chequers_serial_rivers_micro_c, chequers_serial_rivers_room_b,
          chequers_serial_rivers_marsh
D:3:      layout_basic, nemelex_xobeh_ov_fountains_minmay, elyvilon_altar_5,
          overflow_temple_1_default, minivault_27, grunt_qazlal_clouds,
          uniq_terence

Notes
Turn   | Place    | Note
-------+----------+-------------------------------------------
     0 | D:1      | gbos the Spriggan Enchanter began the quest for the Orb.
     0 | D:1      | Reached XP level 1. HP: 9/9 MP: 5/5
   434 | D:1      | Reached skill level 5 in Stealth
   439 | D:1      | Reached XP level 2. HP: 13/13 MP: 6/6
  1011 | D:2      | Reached skill level 2 in Short Blades
  1011 | D:2      | Reached XP level 3. HP: 16/16 MP: 8/8
  1048 | D:2      | Reached skill level 6 in Stealth
  1796 | D:2      | Reached XP level 4. HP: 21/21 MP: 9/9
  1947 | D:2      | Reached skill level 7 in Stealth
  2281 | D:3      | Found a shimmering blue altar of Sif Muna.
  2317 | D:3      | Found a white marble altar of Elyvilon.
  2550 | D:2      | Learned a level 3 spell: Confusing Touch
  2603 | D:3      | Learned a level 2 spell: Ensorcelled Hibernation
  2718 | D:3      | Reached skill level 3 in Short Blades
  2731 | D:3      | HP: 4/21 [orc/+2 war axe of electrocution (9)]
  2732 | D:3      | Slain by an orc

Vanquished Creatures
  An orc wizard (D:3)
  4 adders
  2 oozes (D:2)
  A worm (D:2)
  6 dart slugs
  An orc (D:3)
  A giant cockroach (D:2)
  9 goblins
  3 hobgoblins (D:2)
  2 jackals (D:3)
  2 quokkas
  A ball python (D:1)
  7 bats
  4 frilled lizards
  5 kobolds
  4 rats
53 creatures vanquished.
